 Dungeon Crawl Stone Soup version 0.25.1-11-g244df3a29b (webtiles) character file.

Game seed: 12895744180362215849

26 SSird the Grave Robber (level 2, -2/20 HPs)
             Began as a Vampire Necromancer on Dec 30, 2022.
             Slain by an adder (3 damage)
             ... on level 2 of the Dungeon.
             The game lasted 00:02:48 (902 turns).

SSird the Grave Robber (Vampire Necromancer)         Turns: 902, Time: 00:02:49

Health: -2/20      AC:  2    Str:  7    XL:     2   Next: 89%
Magic:  5/5        EV: 13    Int: 17    God:
Gold:   66         SH:  0    Dex: 14    Spells: 4/5 levels left

rFire    . . .     SeeInvis +   c - +0 dagger
rCold    . . .     Gourm    .   (no shield)
rNeg     . . .     Faith    .   a - +0 robe
rPois    .         Spirit   .   (no helmet)
rElec    .         Reflect  .   (no cloak)
rCorr    .         Harm     .   (no gloves)
MR       .....                  (no boots)
Stlth    ++........             (no amulet)
HPRegen  0.26/turn              (no ring)
MPRegen  0.09/turn              (no ring)

@: lethally poisoned (-2 -> -8), regenerating quickly
A: no food, fangs 3, see invisible, unbreathing
a: Exsanguinate


You were on level 2 of the Dungeon.
You were alive.

You visited 1 branch of the dungeon, and saw 2 of its levels.

You collected 66 gold pieces.

Inventory:

Hand Weapons
 c - a +0 dagger (weapon)
Armour
 a - a +0 robe (worn)
Scrolls
 b - 2 scrolls of fog {unknown}
 d - 2 scrolls of random uselessness {unknown}
 e - a scroll of teleportation {unknown}
 f - a scroll of remove curse {unknown}
 g - a scroll of fear {unknown}
 i - a scroll of magic mapping {unknown}
 k - a scroll of enchant armour {unknown}
Potions
 h - a potion of mutation {unknown}
 j - 3 potions of curing {unknown}


   Skills:
 + Level 0.4 Fighting
 + Level 0.5 Short Blades
 + Level 2.3 Dodging
 * Level 3.6 Stealth
 + Level 2.1 Spellcasting
 + Level 4.8 Necromancy


You had 4 spell levels left.
You knew the following spells:

 Your Spells              Type           Power        Failure   Level  Hunger
a - Pain                  Necr           ###.         2%          1    N/A

Your spell library contained the following spells:

 Spells                   Type           Power        Failure   Level  Hunger
 Animate Skeleton         Necr           N/A          2%          1    N/A
 Vampiric Draining        Necr           ###.......   8%          3    N/A
 Animate Dead             Necr           N/A          26%         4    N/A
 Agony                    Necr           ###.....     58%         5    N/A

Dungeon Overview and Level Annotations

Branches:
Dungeon (2/15)

Altars:


Innate Abilities, Weirdness & Mutations

You do not eat.
Your natural rate of healing is unusually fast.
You have razor-sharp teeth.
You have supernaturally acute eyesight. (SInv)
You can survive without breathing.


Message History

You are too injured to fight recklessly!
You are too injured to fight recklessly!
You barely miss the adder.
The adder is severely wounded.
The adder closely misses you. The adder misses you.
You miss the adder.
The adder is severely wounded.
You feel sick. The adder barely misses you.
You closely miss the adder.
The adder is severely wounded.
You feel sick. The adder closely misses you.
You feel sick. The adder bites you.
Keep bloodletting?
* * * LOW HITPOINT WARNING * * *
You are more poisoned.
The adder poisons you!
You begin bloodletting.
You continue bloodletting.
* * * LOW HITPOINT WARNING * * *
You feel sick. The adder bites you.
You die...

#. #. ####.#####
.#........# .
..........# ..
..........# ...
..........# %.
......S@..####.#
...........<...#
....#.#####....#
...............#
....#.#####....#
#.. .....# #.
.....# # #.....#
......#


You could see an adder.

Vanquished Creatures
  2 dart slugs (D:1)
  4 bats (D:1)
  3 goblins (D:1)
  2 hobgoblins (D:1)
  3 kobolds (D:1)
  2 frilled lizards (D:1)
  5 rats (D:1)
21 creatures vanquished.

Notes
Turn   | Place    | Note
-------+----------+-------------------------------------------
     0 | D:1      | SSird the Vampire Necromancer began the quest for the Orb.
     0 | D:1      | Reached XP level 1. HP: 13/13 MP: 3/3
   268 | D:1      | Reached XP level 2. HP: 19/20 MP: 5/5
   902 | D:2      | HP: 1/20 [poisoned by an adder]
   902 | D:2      | Slain by an adder

Illustrated notes

Levels and vault maps discovered:
D:1:      scummos_arrival_simple_fountains, layout_loops_ring,
          serial_bayou_pond_e
D:2:      layout_basic, grunt_temple_overflow_diamond, uniq_sigmund

Action                   || total
-------------------------++-------
Melee: Dagger            ||    88
       Unarmed           ||    15
       Bite              ||     6
 Abil: Exsanguinate      ||     1
 Stab: Sleeping          ||     5
       Distracted        ||     1
Armor: Robe              ||    24
Dodge: Dodged            ||    59
